AoeStats
← Hackett Geert Kasch

Hideout

508798911Analyzed
1v1 RM · 7d ago on Sep 24, 2026· 63m 22s· 2 players
Game mode
Random Map
Map size
Tiny (2 player)
Population
200
Speed
Normal
Resources
Standard
Victory
Conquest
Starting age
Dark Age
Ending age
Imperial Age
RankedLock teamsTeams togetherTeam positionsShared explorationLock speedFull tech treeHidden civsTurbo modeCheats
Victory
Defeat
🇧🇷 Burgundians · Brazil
1060
+16
🇲🇽 Spanish · Mexico
1067
-16
rX | Diegdornelas
5:12 Double-Bit Axe
11:14 Feudal Age
9:40 Horse Collar
11:45 Loom
13:16 Wheelbarrow
17:51 Castle Age
21:37 Fletching
27:22 Bow Saw
30:08 Scale Barding Armor
31:34 Forging
31:50 Cavalier
34:17 Husbandry
41:37 Gold Mining
49:14 Imperial Age
49:19 Gold Shaft Mining
49:23 Paladin
50:41 Iron Casting
50:28 Chain Barding Armor
50:51 Capped Ram
53:59 Plate Barding Armor
54:25 Blast Furnace
61:46 Spies/Treason
Hackett Geert Kasch
0:26 Loom
9:58 Feudal Age
13:44 Fletching
14:02 Horse Collar
15:58 Double-Bit Axe
15:49 Man-at-Arms
16:14 Arson
19:47 Wheelbarrow
22:25 Forging
22:53 Arson
26:24 Gold Mining
29:23 Castle Age
27:52 Stone Mining
28:41 Scale Barding Armor
30:13 Husbandry
32:14 Hand Cart
41:57 Heavy Plow
44:18 Bow Saw
44:01 Pikeman
44:42 Squires
45:45 Scale Mail Armor
46:20 Iron Casting
51:07 Imperial Age
49:40 Town Watch
50:29 Chain Mail Armor
50:52 Bodkin Arrow
51:13 Masonry
52:52 Plate Mail Armor
53:12 Halberdier
54:28 Murder Holes
Connection lost

Rejoining the realm…

Still unreachable

The connection could not be restored.

Session expired

The server has moved on; the page needs a fresh start.